 Dungeon Crawl Stone Soup version 0.29-a0-106-g0a07039d5a (webtiles) character file.

Game seed: 1975151889010909588

53 neptus the Cudgeller (level 3, 11/22 HPs)
             Began as a Gargoyle Gladiator on Feb 17, 2022.
             Quit the game on level 1 of the Dungeon.
             The game lasted 00:02:50 (1338 turns).

neptus the Cudgeller (Gargoyle Gladiator)           Turns: 1338, Time: 00:02:51

Health: 11/22      AC:  6    Str: 19    XL:     3   Next: 89%
Magic:  3/3        EV: 12    Int:  8    God:
Gold:   97         SH:  0    Dex: 11    Spells: 2/2 levels left

rFire   . . .      SeeInvis .   a - +0 flail
rCold   . . .      Faith    .   (no shield)
rNeg    + . .      Spirit   .   e - +0 robe
rPois   ∞          Reflect  .   h - +0 helmet
rElec   +          Harm     .   (no cloak)
rCorr   .          Rampage  .   (no gloves)
Will    .....                   (no boots)
Stlth   +.........              (no amulet)
HPRegen 0.07/turn               (no ring)
MPRegen 0.08/turn               (no ring)

@: no status effects
A: sickness immunity, AC +3, negative energy resistance 1, electricity
resistance, torment resistance 1, petrification resistance
a: no special abilities


You were on level 1 of the Dungeon.
You visited 1 branch of the dungeon, and saw 2 of its levels.

You collected 97 gold pieces.

Inventory:

Hand Weapons
 a - a +0 flail (weapon)
Missiles
 d - 3 throwing nets (quivered)
Armour
 b - a +0 leather armour
 c - a +0 helmet
 e - a +0 robe (worn)
 h - a +0 helmet (worn)
Scrolls
 f - 2 scrolls of identify {unknown}
 g - a scroll of teleportation {unknown}
 i - a scroll of summoning {unknown}


   Skills:
 + Level 2.6 Fighting
 + Level 3.8 Maces & Flails
 + Level 1.9 Throwing
 + Level 3.0 Dodging
 + Level 0.2 Stealth


You had 2 spell levels left.
You didn't know any spells.
Your spell library was empty.

Dungeon Overview and Level Annotations

Branches:
Dungeon (2/15)

Altars:


Innate Abilities, Weirdness & Mutations

You are immune to sickness and miasma.
Your stone body is resilient. (AC +3)
You are immune to poison.
You resist negative energy. (rN+)
You are resistant to electric shocks. (rElec)
You are resistant to unholy torment.
You are immune to petrification.


Message History

You kill the dart slug!
The hobgoblin closely misses you. The dart slug launches a dart at you.
The slug dart hits you.
You hit the hobgoblin.
The hobgoblin is lightly wounded.
The hobgoblin hits you but does no damage.
You closely miss the hobgoblin.
The hobgoblin is lightly wounded.
The hobgoblin hits you but does no damage.
The hobgoblin misses you.
You hit the hobgoblin.
The hobgoblin is almost dead.
The hobgoblin barely misses you.
You completely miss the hobgoblin.
The hobgoblin is almost dead.
The hobgoblin completely misses you.
You barely miss the hobgoblin.
The hobgoblin is almost dead.
The hobgoblin misses you.
The dart slug bites you but does no damage.
You closely miss the hobgoblin.
The hobgoblin is almost dead.
The hobgoblin hits you. The dart slug launches a dart at you.
The slug dart hits you but does no damage.
You barely miss the hobgoblin.
The hobgoblin is almost dead.
The hobgoblin closely misses you. The hobgoblin completely misses you.
The dart slug briefly extends its eye-stalks.
The dart slug barely misses you.
You closely miss the hobgoblin.
The hobgoblin is almost dead.
The hobgoblin hits you but does no damage.
You barely miss the hobgoblin.
The hobgoblin is almost dead.
The dart slug launches a dart at you. The slug dart hits you.
The hobgoblin closely misses you.
You are too injured to fight recklessly!
Are you sure you want to abandon this character and quit the game? (Confirm with "yes".)

#.## ##.........#
..# #...########
#.# #..[#
#######.###...####
S................#
########!####.##.#
######..###.# #
#...).......#
#.....@.....#
#.....wg....#
#...........#
#...........#
#######.......
...#.## .......
.....##


You could see a dart slug and a hobgoblin.

Vanquished Creatures
  2 adders (D:2)
  A dart slug (D:1)
  5 endoplasms
  A giant cockroach (D:1)
  2 goblins
  6 hobgoblins
  4 kobolds
  A quokka (D:2)
  2 ball pythons (D:1)
  2 bats
  4 frilled lizards (D:2)
  2 rats (D:2)
32 creatures vanquished.

Notes
Turn   | Place    | Note
-------+----------+-------------------------------------------
     0 | D:1      | neptus the Gargoyle Gladiator began the quest for the Orb.
     0 | D:1      | Reached XP level 1. HP: 12/12 MP: 1/1
   172 | D:1      | Reached XP level 2. HP: 15/17 MP: 2/2
   212 | D:1      | You fall into a shaft and drop 1 floor!
   565 | D:2      | Found a faded altar of an unknown god.
   646 | D:2      | Reached XP level 3. HP: 17/22 MP: 3/3
  1338 | D:1      | Quit the game

Illustrated notes

Levels and vault maps discovered:
D:1:      minmay_arrival_checkered_box, layout_basic, minmay_crystal_water
D:2:      layout_loops_ring, hellmonk_ecumenical_altar_run_dry

Skill      XL: |  1  2  3 |
---------------+----------+-----
Dodging        | 3 |  3.0
Fighting       | |  2.6
Maces & Flails | |  3.8
Throwing       | |  1.9
Stealth        | |  0.2

Action                   || total
-------------------------++-------
Melee: Flail             ||   111
       Punch             ||     1
 Stab: Sleeping          ||     1
Armor: Robe              ||    54
       Leather armour    ||     2
Dodge: Dodged            ||    80

Table legend: (Time is in decaauts)
 A = Elapsed time spent in this place.
 B = Non-inter-level travel time spent in this place.
 C = Inter-level travel time spent in this place.
 D = Time resting spent in this place.
 E = Time spent auto-exploring this place.
 F = Levels seen in this place.
 G = Mean time per level.
                   A        B        C        D        E       F      G
               +--------+--------+--------+--------+--------+-----+--------+
         Total |   1363 |   1363 |      0 |      0 |   1054 |   2 |  681.5 |
       Dungeon |   1363 |   1363 |      0 |      0 |   1054 |   2 |  681.5 |
               +--------+--------+--------+--------+--------+-----+--------+

Top non-repeatable levels by time:
     D:2: 830 daAuts
     D:1: 532 daAuts
